Cogmind - Beta 15 @@@ ROGUE MODE // 2025.07.15 @ 13:05:16 Player: PoggyBison Result: Destroyed by as-30313 with Assembled Heavy Rifle Performance ------------- Evolutions (0) 0 Regions Visited (3) 600 Robots Destroyed (12) 60 Value Destroyed (201) 201 Prototype IDs (2) 40 Alien Tech Used (0) 0 Bonus (0) 0 TOTAL SCORE: 901 Bonus ------- None Cogmind --------- Core Integrity 0/250 Matter 226/300 Energy 62/125 System Corruption 11% Temperature Cool (6) Movement Rolling (80) Location -10/Exiles Parts ------- > --- POWER (1) -------- Light Ion Engine > --- PROPULSION (2) --- Wheel > --- UTILITY (2) ------ Light Armor Plating > --- WEAPON (2) ------- (None) > --- INVENTORY (5) ---- Medium Storage Unit Medium Storage Unit Medium Matter Pod (100) Peak State ------------ > --- POWER ------------ Ion Engine > --- PROPULSION ------- Wheel Wheel > --- UTILITY ---------- Medium Storage Unit Visual Processing Unit > --- WEAPON ----------- Medium Laser Medium Laser > --- INVENTORY -------- Light Ion Engine Light Ion Engine Wheel Wheel Wheel Wheel Medium Storage Unit Large Storage Unit Medium Matter Pod Light Armor Plating [Rating: 9] Favorites ----------- Power Ion Engine Engine Ion Engine Propulsion Wheel Wheel Wheel Utility Medium Storage Unit Device Seismic Detector Storage Medium Storage Unit Processor Visual Processing Unit Protection Light Armor Plating Weapon Medium Laser Energy Gun Medium Laser Launcher Grenade Launcher Build | -11 -10 -10 -10 ------- Run | Yrd Mat Min Exi Slots Evolved . | . . . . Power . | . . . . Propulsion . | . . . . Utility . | . . . . Weapon . | . . . . Parts Attached 19 | 7 5 1 6 Power 4 | 1 2 . 1 Engine 4 | 1 2 . 1 Core . | . . . . Reactor . | . . . . Propulsion 7 | 2 . 1 4 Treads . | . . . . Leg . | . . . . Wheel 7 | 2 . 1 4 Hover . | . . . . Flight . | . . . . Utility 5 | 2 2 . 1 Device 1 | 1 . . . Storage 2 | 1 1 . . Processor 1 | . 1 . . Hackware . | . . . . Protection 1 | . . . 1 Artifact . | . . . . Weapon 3 | 2 1 . . Energy Gun 2 | 2 . . . Energy Cannon . | . . . . Ballistic Gun . | . . . . Ballistic Cannon . | . . . . Launcher 1 | . 1 . . Special Weapon . | . . . . Impact Weapon . | . . . . Slashing Weapon . | . . . . Piercing Weapon . | . . . . Special Melee Weapon . | . . . . Unidentified Prototypes . | . . . . Parts Lost 10 | . 1 . 9 Power 2 | . . . 2 Propulsion 4 | . . . 4 Utility 2 | . 1 . 1 Weapon 2 | . . . 2 Highest Loss Streak 9 | . 1 . 9 To Critical Strikes . | . . . . Average Backups 8 | 5 9 10 9 Power 1 | 1 2 2 1 Propulsion 3 | 3 4 4 3 Utility 2 | . 3 4 4 Weapon . | . . . . Tool/Special . | . . . . Unused Backups 12 | 6 3 . 3 Power 2 | . 2 . . Propulsion 5 | 5 . . . Utility 4 | . 1 . 3 Weapon 1 | 1 . . . Tool/Special . | . . . . Average Slot Usage (%) 96 | . 98 100 91 Engine 13 | . 13 14 14 Wheel 27 | . 28 28 26 Device 5 | . 9 . . Storage 14 | . 14 14 14 Processor 8 | . 2 14 14 Energy Gun 19 | . 26 14 10 Launcher 6 | . 1 14 10 Peak Build Rating 9 | 8 9 9 9 Average Rating 7 | 5 8 9 7 On Entrance 6 | . 8 9 9 Naked Turns . | . . . . Heaviest Build 20 | 15 20 18 18 Greatest Support 20 | 20 20 20 20 Greatest Overweight (x) 1 | . . . 1 Average Overweight (x) . | . . . . Largest Inventory Capacity 10 | 8 10 10 10 Average Capacity 9 | 7 9 10 9 Most Carried 10 | 8 10 10 10 Average Carried 8 | 5 9 10 9 Final Capacity 10 | 8 10 10 5 Final Carried 10 | 8 10 10 3 Class Distribution -------------------- 100% | Mutant Dominant Class ---------------- Mutant | -10/Materials Mutant | -10/Mines Mutant | -10/Exiles Resources | -11 -10 -10 -10 ----------- Run | Yrd Mat Min Exi Matter Collected 414 | 270 115 29 . Remotely . | . . . . Salvage Created 455 | 179 247 29 . Parts 26 | 10 15 1 . Haulers Intercepted . | . . . . Recyclers Shooed . | . . . . Parts Field Recycled . | . . . . Retrieved Matter . | . . . . Parts Self-Destructed . | . . . . Prevented . | . . . . Kills | -11 -10 -10 -10 ------- Run | Yrd Mat Min Exi Combat Hostiles Destroyed 4 | . 4 . . Guns 4 | . 4 . . Classes Destroyed 5 | 2 3 . . Worker 2 | . 1 1 . Tunneler 4 | 4 . . . Recycler 1 | 1 . . . Watcher 1 | . 1 . . Grunt 4 | . 4 . . Best Kill Streak 4 | 4 3 1 . Combat Bots Only 2 | . 2 . . Max Kills in Single Turn 1 | 1 1 1 . Gunslinging . | . . . . Exploded . | . . . . Melee . | . . . . Uniques/NPCs Destroyed . | . . . . Combat | -11 -10 -10 -10 -------- Run | Yrd Mat Min Exi Hostile Shots Fired 86 | . 27 10 49 Missed 29 | . 9 4 16 Hits 57 | . 18 6 33 Melee 12 | . . . 12 Projectile 45 | . 18 6 21 Damage Taken 944 | . 215 87 642 Core 265 | . 48 15 202 Absorbed by Shields . | . . . . Core Remaining (%) 100 | 100 . . . Volleys Fired 45 | 9 28 5 3 Largest 2 | 2 2 2 2 Hottest 100 | 100 100 80 80 Shots Fired 71 | 18 42 6 5 Gun 67 | 18 42 5 2 Cannon . | . . . . Launcher 4 | . . 1 3 Special . | . . . . Kinetic . | . . . . Thermal 67 | 18 42 5 2 Explosive 4 | . . 1 3 Electromagnetic . | . . . . Robot Hit Streak 6 | 4 6 2 . Robot Miss Streak 4 | 2 2 4 . Penetration Max . | . . . . Secondary Targets 1 | . 1 . . Max Gunslinging Chain 1 | . 1 . . Shots Hit Robots 37 | 11 23 3 . Core Hits 19 | 6 11 1 1 Critical Kills . | . . . . Critical Parts Destroyed . | . . . . Critical Strikes 3 | 1 2 . . Burn 3 | 1 2 . . Melee Attacks . | . . . . Impact . | . . . . Slashing . | . . . . Piercing . | . . . . Sneak Attacks . | . . . . Combat Hostiles . | . . . . Follow-up Attacks . | . . . . Damage Inflicted 474 | 149 277 36 12 Guns 462 | 149 277 36 . Cannons . | . . . . Explosions 8 | . . . 8 Melee . | . . . . Ramming 4 | . . . 4 Kinetic . | . . . . Thermal 462 | 149 277 36 . Explosive 8 | . . . 8 Electromagnetic . | . . . . Impact . | . . . . Slashing . | . . . . Piercing . | . . . . Highest Corruption 10 | . . . 10 Average Corruption 5 | . . . 5 Corruption Purged . | . . . . Corruption Blocked . | . . . . Effects 2 | . . . 2 Message Errors 1 | . . . 1 Energy Discharges 1 | . . . 1 Overload Shots . | . . . . Overflow Damage . | . . . . Projectiles . | . . . . Explosions . | . . . . Melee . | . . . . Knockbacks . | . . . . Impact . | . . . . Kinetic . | . . . . Secondary . | . . . . Self-Inflicted Damage 2 | . . . 2 Shots . | . . . . Rammed 1 | . . . 1 Targets Rammed 1 | . . . 1 Kicked . | . . . . Crushed . | . . . . Highest Temperature 266 | 195 266 30 38 Average Temperature 71 | 73 82 13 17 Received Heat Transfer 270 | . 123 27 120 Effects 2 | . 2 . . Interference 2 | . 2 . . Siege Activations . | . . . . Martial Activations . | . . . . Shielding Activations . | . . . . Robots Disrupted . | . . . . Combat Hostiles . | . . . . Robots Corrupted . | . . . . Combat Hostiles . | . . . . Parts Fried . | . . . . Impact Corruptions . | . . . . Robots Melted . | . . . . Combat Hostiles . | . . . . Parts Melted 4 | 1 3 . . Heat Transferred 1591 | 518 962 111 . Parts Sabotaged . | . . . . Parts Stolen . | . . . . Parts Stripped . | . . . . Power Chain Reactions . | . . . . Alert | -11 -10 -10 -10 ------- Run | Yrd Mat Min Exi Maximum Alert Level . | . . . . Low Security (%) 100 | 100 100 100 . Level 1 . | . . . . Level 2 . | . . . . Level 3 . | . . . . Level 4 . | . . . . Level 5 . | . . . . High Security . | . . . . Max Security . | . . . . Peak Influence 67 | 10 67 28 . Initial 16 | . . 16 . Average 16 | 2 26 12 . Influence Increases 149 | 25 112 12 . Destroy 0b10 Robot/C 80 | . 80 . . Destroy 0b10 Robot/NC 40 | 25 10 5 . Destroy Leader 22 | . 22 . . Destroy Structure 7 | . . 7 . Influence Decreases 149 | 25 70 54 . Entered New Map 26 | . . 26 . Time Decay 113 | 25 60 28 . Lost Part 10 | . 10 . . Squads Dispatched 2 | . 2 . . Investigation 2 | . 2 . . Extermination . | . . . . Reinforcement . | . . . . Assault . | . . . . Garrison . | . . . . Intercept . | . . . . Searches Triggered . | . . . . Construction Impeded . | . . . . Haulers Reinforced . | . . . . Active Scanning Responses . | . . . . Cargo Convoy Interrupts . | . . . . Stealth | -11 -10 -10 -10 --------- Run | Yrd Mat Min Exi Distress Signals . | . . . . Communications Jammed . | . . . . Distress Signals . | . . . . Times Spotted 18 | . 8 2 8 Peak Tracking Total 10 | . 3 2 10 Tactical Retreats . | . . . . Traps | -11 -10 -10 -10 ------- Run | Yrd Mat Min Exi Traps Triggered 1 | . 1 . . Indirectly . | . . . . Trap Hack Attempts . | . . . . Triggered . | . . . . Disarmed . | . . . . Reprogrammed . | . . . . Reused . | . . . . Traps Extracted . | . . . . Installed . | . . . . Triggered . | . . . . Machines | -11 -10 -10 -10 ---------- Run | Yrd Mat Min Exi Machines Disabled 2 | . . . 2 Max in Single Turn 1 | . . . 1 Machines Repaired . | . . . . Machines Dismantled . | . . . . Machines Sabotaged . | . . . . Overloaded Fab Kills . | . . . . Hacking | -11 -10 -10 -10 --------- Run | Yrd Mat Min Exi Machines Accessed 5 | . 3 . 2 Terminals 3 | . 3 . . Fabricators . | . . . . Repair Stations . | . . . . Recycling Units . | . . . . Scanalyzers . | . . . . Garrison Access . | . . . . Total Hacks 29 | . 10 . 19 Successful 24 | . 5 . 19 Failed 4 | . 4 . . Catastrophic . | . . . . Database Lockouts 1 | . 1 . . Manual 7 | . 5 . 2 Terminals 10 | . 10 . . Fabricators . | . . . . Repair Stations . | . . . . Recycling Units . | . . . . Scanalyzers . | . . . . Garrison Access . | . . . . Terminal Hacks 24 | . 5 . 19 Record 23 | . 4 . 19 Prototype ID Bank 1 | . 1 . . Fabricator Hacks . | . . . . Repair Station Hacks . | . . . . Recycling Unit Hacks . | . . . . Scanalyzer . | . . . . Garrison Access Hacks . | . . . . Unauthorized Hacks . | . . . . Terminals . | . . . . Fabricators . | . . . . Repair Stations . | . . . . Recycling Units . | . . . . Scanalyzers . | . . . . Garrison Access . | . . . . Data Cores Recovered . | . . . . Used . | . . . . Hacking Detections 2 | . 2 . . Full Trace Events 1 | . 1 . . Feedback Events . | . . . . Feedback Blocked . | . . . . Robot Schematics Acquired . | . . . . Robots Built . | . . . . Authchips . | . . . . Time . | . . . . Total Robot Build Rating . | . . . . Part Schematics Acquired . | . . . . Parts Built . | . . . . Authchips . | . . . . Time . | . . . . Total Part Build Rating . | . . . . Parts Repaired . | . . . . Time . | . . . . Parts Recycled . | . . . . Recycled Matter . | . . . . Retrieved Matter . | . . . . Retrieved Components . | . . . . Parts Scanalyzed . | . . . . Part Schematics Acquired . | . . . . Parts Damaged . | . . . . Bothacking | -11 -10 -10 -10 ------------ Run | Yrd Mat Min Exi Used RIF Installer . | . . . . Robots Hacked . | . . . . Non-combat . | . . . . Combat . | . . . . Robot Hacks Applied . | . . . . Relay Couplers Released . | . . . . Fabnet Peak Effective % . | . . . . Robots Rewired . | . . . . Allies Hacked . | . . . . Hacks Repelled . | . . . . Allies | -11 -10 -10 -10 -------- Run | Yrd Mat Min Exi Total Allies . | . . . . Largest Group . | . . . . Highest-Rated Group . | . . . . Highest-Rated Ally . | . . . . Total Orders . | . . . . Ally Attacks . | . . . . Total Damage . | . . . . Kills . | . . . . Allies Corrupted . | . . . . Allies Melted . | . . . . Intel | -11 -10 -10 -10 ------- Run | Yrd Mat Min Exi Active Infowar (turns) 405 | 49 162 79 115 Optics 246 | . 52 79 115 Seismic 159 | 49 110 . . Robot Analysis Total . | . . . . Derelict Logs Recovered . | . . . . Drone Launches . | . . . . Drone Recoveries . | . . . . Exploration | -11 -10 -10 -10 ------------- Run | Yrd Mat Min Exi Turns Passed 557 | 128 233 79 117 Spaces Moved 468 | 94 169 84 121 Core 6 | 6 . . . Treads . | . . . . Legs . | . . . . Wheels 462 | 88 169 84 121 Hover . | . . . . Flight . | . . . . Fastest Speed 50 | 50 80 80 80 Average Speed 79 | 78 80 80 80 Slowest Speed 95 | 80 80 80 95 Overloaded Moves . | . . . . Propulsion Burnouts . | . . . . Robots Hopped . | . . . . Potential Cave-ins . | . . . . Cave-ins Triggered . | . . . . Exploration Rate (%) 22 | 6 29 11 42 Regions Visited 3 Branch Regions 2 Pre-discovered Areas . | . . . . Known Exits Taken . | . . . . Unknown Exits Taken 3 | 1 1 1 . Scrap Searched . | . . . . Spaces Dug . | . . . . Terrain Destroyed 20 | . . 7 13 Melee . | . . . . Projectile . | . . . . AOE 20 | . . 7 13 Terrain Rammed . | . . . . Walls Destroyed . | . . . . Machines Disabled . | . . . . Actions | -11 -10 -10 -10 --------- Run | Yrd Mat Min Exi Total 581 | 129 227 90 135 Wait 13 | . 13 . . Move 465 | 93 168 83 121 Hop . | . . . . Pick Up 20 | 14 6 . . Fast Attach 8 | 7 1 . . Attach 6 | . 1 . 5 Detach 1 | . 1 . . Swap 6 | . 3 1 2 Drop 14 | 6 6 1 1 Fire 45 | 9 28 5 3 Melee . | . . . . Ram 1 | . . . 1 Kick . | . . . . Crush . | . . . . Escape Stasis . | . . . . Rewire 2 | . . . 2 Trap . | . . . . Miscellaneous . | . . . . Route ------- -11/Scrapyard -10/Materials -10/Mines -10/Exiles (discovered 1 exit: [*Min]) History --------- Turn | Location | Event 13 | -11/Scrapyard | Discovered new exit (range 15) 129 | -11/Scrapyard | Entered Materials 187 | -10/Materials | Central database locked down 337 | -10/Materials | Build established: Mutant 358 | -10/Materials | Discovered new exit (range 6) 362 | -10/Materials | Entered Mines 437 | -10/Mines | Deemed a non-threat by the Exiles lab entrance 437 | -10/Mines | Discovered new exit (range 5) 441 | -10/Mines | Entered Exiles 453 | -10/Exiles | Discovered new exit (range 15) 463 | -10/Exiles | Met 8R-AWN 479 | -10/Exiles | Met EX-HEX 508 | -10/Exiles | Attacked by the Exiles 532 | -10/Exiles | Core integrity fell below 50% 552 | -10/Exiles | Core integrity fell below 20% 557 | -10/Exiles | System corruption reached 10% 558 | -10/Exiles | Destroyed by as-30313 with Assembled Heavy Rifle Last Messages --------------- well. >>Record! "DEC-098/Firepult" HEX: 0b10 bots are notoriously weak to regular old fire, but I think it's time we started looking into something better than flamers as a delivery system. ** DEC: I'm with you on that! The Firepult is just the beginning. >>Record! "DEC-099/Infernogeddon Engine" [REDACTED] ** HEX: No. 00552_ Dropped Wheel. 00553_ Ion Engine destroyed. 00553_ System corrupted by crushing effect (+2). 00553_ Wheel destroyed. 00555_ System corrupted: Energy discharge (-34). 00555_ Knocked back. 00556_ Visual Processing Unit destroyed. 00556_ System corrupted by crushing effect (+2). 00558_ Slammed into as-49319. 00558_ Wheel destroyed. 00558_ System corrupted by crushing effect (+1). Map ----- +----------------------------------------------------+ | | | | | | | | | | | | | | | ?????????????????????????????????????????????????? | | ?????????????????????????????????????????????????? | | ?????????????????????????????????????????????????? | | ?????????????????????????????????????????????????? | | ?????????????????????????????????????????????????? | | ????????????????????????????######???????????????? | | ???????????????????????????? #???????????????? | | ???????????????????????????? #???????????????? | | ???????????????????????????# #???????????????? | | ???????????????????????????# #???#???????????? | | ???????????????????????????# #??""???????????? | | ???????????????????????????# ## ?????????????? | | ???????????????????????????# ??????????????? | | ???????????????????????????# #???????????????? | | ???????????????????######### #???????????????? | | ???????????????????#""""""## #???????????????? | | ???????????????????#"""" ## #???????????????? | | ???????????????????#""X"a aa #???????????????? | | ???????????????????#" aa@aa #???????????????? | | ???????????????????#" ## #???????????????? | | ???????????????????#""""""## #??######???????? | | ???????????????????##"###### #?#"""""""??????? | | ??????????????????? "?????# #?#"""""""#?????? | | ??????????????????""" ?????# #?#"""""""#?????? | | ?????????????????#""" ????## ###"" """"#?????? | | ??????????????????""" ????#" """"#?????? | | ????????????????????##????#" """#?????? | | ??????????????????????????#" """#?????? | | ??????????????????????????#" """#?????? | | ??????????????????????????#" """#?????? | | ??????????????????????????#" """##????? | | ??????????????????????????## """""????? | | ???????????????????????????# """##????? | | ???????????????????????????#" "X" """""????? | | ???????????????????????????#" """ # ????? | | ???????????????????????????#" """""""""#?????? | | ??????????????????????????##" ###########?????? | | ?????????????????????????## " #???????????????? | | ??????????????????????####" #???????????????? | | ?????????????????????""""""" ##??????????????? | | ????????????????????""" " "" ##???########### | | ??????????????????" """ " #####"""""""""# | | ????????????????? " " " """ """" | +----------------------------------------------------+ Best States ------------- Heat Dissipation 25 Energy Generation 10 Energy Capacity 250 Matter Stores 300 Matter Capacity 300 Sight Range 18 Terrain Scan Density 10 Evasion (%) 44 Item Schematics ----------------- None Robot Schematics ------------------ None Fabricated ------------ Nothing Repaired ---------- Nothing Alien Tech Used ----------------- None Achievements -------------- None Challenges ------------ None Game ------ Seed ShiftTitaniumChainsaw Manual? 0 Play Time 00:22:56 Cumulative 19.8 hours Start 2025.07.15 @ 12:38:58 End 2025.07.15 @ 13:05:16 Sessions 1 Manual Loads 0 Difficulty Rogue Special Mode None Game No. 11 Rogue 11 Adventurer 0 Explorer 0 Win Type - Total 0 Types 0/0/0/0/0/0/0/0/0/0 Lore% 5 Gallery% 18 Achievement% 16 Wizard Run 0 Options --------- Layout 2 ASCII 0 Keyboard 1 Movement Numpad Keybinds 0 Fullscreen 1 Font 24/Proggy Map View 50x44 Zoom Use 2% Tactical HUD 1 Map Filters NONE Filters NONE Steam 1 RUN: b2731a4d-3303-4fbf-9e26-be4e3493be52